 Dungeon Crawl Stone Soup version 0.28.0-53-g5a82cb258f (webtiles) character file.

Game seed: 1548275633461869059

30 hawla the Firebug (level 3, 0/19 HPs)
             Began as a Deep Elf Fire Elementalist on May 29, 2022.
             Slain by a gnoll
             ... wielding a +0 whip
              (8 damage)
             ... on level 2 of the Dungeon.
             The game lasted 00:02:10 (1387 turns).

hawla the Firebug (Deep Elf Fire Elementalist)      Turns: 1387, Time: 00:02:11

Health: 0/19       AC:  2    Str:  5    XL:     3   Next: 3%
Magic:  8/9        EV: 12    Int: 21    God:
Gold:   44         SH:  0    Dex: 15    Spells: 5/8 levels left

rFire   . . .      SeeInvis .   (no weapon)
rCold   . . .      Faith    .   (no shield)
rNeg    . . .      Spirit   .   a - +0 robe
rPois   .          Reflect  .   (no helmet)
rElec   .          Harm     .   (no cloak)
rCorr   .          Rampage  .   (no gloves)
Will    .....                   (no boots)
Stlth   ++........              (no amulet)
HPRegen 0.06/turn               (no ring)
MPRegen 0.11/turn               (no ring)

@: no status effects
A: no striking features
a: no special abilities


You were on level 2 of the Dungeon.
You visited 1 branch of the dungeon, and saw 2 of its levels.

You collected 44 gold pieces.

Inventory:

Missiles
 e - 4 poisoned darts
Armour
 a - a +0 robe (worn)
Scrolls
 c - a scroll of teleportation {unknown}
 h - a scroll of immolation {unknown}
 i - a scroll of enchant armour {unknown}
 j - a scroll of identify {unknown}
Potions
 b - a potion of resistance {unknown}
 d - a potion of lignification {unknown}
 f - a potion of curing {unknown}
 g - a potion of brilliance {unknown}


   Skills:
 + Level 2.6 Dodging
 + Level 2.8 Stealth
 + Level 3.3 Spellcasting
 + Level 1.2 Conjurations
 + Level 4.1 Fire Magic


You had 5 spell levels left.
You knew the following spells:

 Your Spells              Type           Power      Damage    Failure   Level
a - Foxfire               Conj/Fire      56%        2x1d6     4%          1
b - Scorch                Fire           40%        2d7       3%          2

Your spell library contained the following spells:

 Spells                   Type           Power      Damage    Failure   Level
 Conjure Flame            Conj/Fire      14%        6-21      13%         3
 Inner Flame              Hex/Fire       12%        N/A       17%         3
 Flame Wave               Conj/Fire      14%        2d6       38%         4


Dungeon Overview and Level Annotations

Branches:
Dungeon (2/15)

Altars:


Message History

You conjure some foxfire!
The foxfire hits the kobold.
The kobold is severely wounded.
Casting: Foxfire (safe; 4% risk of failure)
Confirm with . or Enter, or press ? or * to list all spells.
You conjure some foxfire!
The foxfire hits the kobold.
You kill the kobold!
You have reached level 3!
Your experience leads to an increase in your attributes!
Increase (S)trength, (I)ntelligence, or (D)exterity?
You feel clever. x2
Magic restored.
Found 17 stones.
You see here a ball python corpse.
You now have 44 gold pieces (gained 5).
You see here a +0 dagger.
A gnoll comes into view. It is wielding a +0 whip.
The gnoll shouts!
You hear a shout!
A quokka comes into view.
There are monsters nearby!
There are monsters nearby!
There are monsters nearby!
A gnoll comes into view. It is wielding a +0 whip. x2
A goblin comes into view. It is wielding a +0 dagger.
The quokka closely misses you. The gnoll hits you with a +0 whip!
Casting: Foxfire (safe; 4% risk of failure)
Confirm with . or Enter, or press ? or * to list all spells.
Flames lash the quokka.
You kill the quokka!
The gnoll shouts! x2
The gnoll hits you with a +0 whip.
Casting: Scorch (safe; 3% risk of failure)
Confirm with . or Enter, or press ? or * to list all spells.
You don't know that spell.
You see here a +0 dagger.
You see here a ball python corpse.
There is a stone staircase leading up here.
The gnoll hits you with a +0 whip!
You die...

#.# #.# #g# #)#
#g#
#######g#######
.......†......#
#######g#####(.
#@# ###


You could see 3 gnolls and a goblin.

Vanquished Creatures
  5 ball pythons
  2 endoplasms (D:1)
  A giant cockroach (D:1)
  2 goblins (D:1)
  3 hobgoblins (D:1)
  3 jackals (D:1)
  3 kobolds
  2 quokkas
  2 bats (D:1)
  3 rats (D:1)
26 creatures vanquished.

Vanquished Creatures (others)
  38 foxfires
38 creatures vanquished.

Grand Total: 64 creatures vanquished

Notes
Turn   | Place    | Note
-------+----------+-------------------------------------------
     0 | D:1      | hawla the Deep Elf Fire Elementalist began the quest for
                  | the Orb.
     0 | D:1      | Reached XP level 1. HP: 10/10 MP: 6/6
   138 | D:1      | Reached XP level 2. HP: 12/15 MP: 0/8
   141 | D:1      | Learned a level 2 spell: Scorch
   438 | D:1      | Found a faded altar of an unknown god.
   752 | D:1      | Reached skill level 4 in Fire Magic
  1330 | D:2      | Reached XP level 3. HP: 19/19 MP: 5/9
  1387 | D:2      | Slain by a gnoll

Illustrated notes

Levels and vault maps discovered:
D:1:      wander_arrival_estate, layout_loops_corners,
          hellmonk_ecumenical_altar_crossroads
D:2:      layout_basic, minmay_heptomino_o4, uniq_terence

Skill      XL: |  1  2 |
---------------+-------+-----
Fire Magic     | 4 |  4.1
Dodging        | |  2.6
Stealth        | |  2.8
Spellcasting   | |  3.3
Conjurations   | |  1.2

Action                   || total
-------------------------++-------
Melee: Unarmed           ||    16
 Cast: Foxfire           ||    26
       Scorch            ||     5
 Stab: Sleeping          ||     1
Armor: Robe              ||     7
Dodge: Dodged            ||    17
